 Dungeon Crawl Stone Soup version 0.26.1-11-gd32895ea62 (webtiles) character file.

Game seed: 9451800385183319644

215 Almogavar the Caller (level 5, -5/36 HPs)
             Began as a Merfolk Summoner on May 29, 2021.
             Slain by an iguana (16 damage)
             ... on level 4 of the Dungeon.
             The game lasted 00:12:53 (3320 turns).

Almogavar the Caller (Merfolk Summoner)             Turns: 3320, Time: 00:12:53

Health: -5/36      AC:  2    Str:  9    XL:     5   Next: 92%
Magic:  5/10       EV: 14    Int: 14    God:
Gold:   249        SH:  0    Dex: 15    Spells: 8/11 levels left

rFire    . . .     SeeInvis .   d - +2 hand axe (flame)
rCold    . . .     Faith    .   (no shield)
rNeg     . . .     Spirit   .   a - +0 robe
rPois    .         Reflect  .   (no helmet)
rElec    .         Harm     +   r - scarf {harm}
rCorr    .         Rampage  .   (no gloves)
Will     .....                  (no boots)
Stlth    ++........             (no amulet)
HPRegen  0.12/turn              (no ring)
MPRegen  0.12/turn              (no ring)

@: no status effects
A: change form in water, swift swim, stealthy swim
a: no special abilities


You were on level 4 of the Dungeon.
You visited 1 branch of the dungeon, and saw 4 of its levels.

You collected 249 gold pieces.

Inventory:

Hand Weapons
 d - a +2 hand axe of flaming (weapon)
 g - a +0 hunting sling
Missiles
 e - 11 poisoned darts
 j - 198 stones (quivered)
 o - 6 datura-tipped darts
Armour
 a - a +0 robe (worn)
 f - a cursed +0 leather armour
 r - a scarf of harm (worn)
Wands
 p - a wand of paralysis (6)
Scrolls
 b - a scroll of magic mapping
 c - 2 scrolls of enchant weapon
 i - 2 scrolls of teleportation
 l - a scroll of fog {unknown}
 n - a scroll of amnesia {unknown}
 s - a scroll of remove curse {unknown}
 t - a scroll of identify
Potions
 h - 2 potions of brilliance
 k - 4 potions of flight {unknown}
 m - a potion of ambrosia {unknown}
 q - a potion of curing {unknown}


   Skills:
 + Level 0.5 Fighting
 + Level 3.4 Dodging
 + Level 3.4 Stealth
 + Level 3.6 Spellcasting
 + Level 5.2 Summonings


You had 8 spell levels left.
You knew the following spells:

 Your Spells              Type           Power        Failure   Level
a - Summon Small Mammal   Summ           68%          2%          1
b - Call Imp              Summ           17%          3%          2

Your spell library contained the following spells:

 Spells                   Type           Power        Failure   Level
 Call Canine Familiar     Summ           17%          7%          3
 Summon Guardian Golem    Hex/Summ       9%           21%         3
 Summon Ice Beast         Ice/Summ       9%           56%         4
 Summon Lightning Spire   Summ/Air       9%           56%         4


Dungeon Overview and Level Annotations

Branches:
Dungeon (4/15)
 Temple: D:4-7

Altars:
Ashenzari
Fedhas
Kikubaaqudgha
Makhleb
Qazlal
The Shining One


Message History

Your white imp closely misses the iguana.
Your bat hits the iguana but does no damage.
Your quokka bites the iguana but does no damage.
Your white imp gestures at the iguana.
The puff of frost hits the iguana.
You hit the iguana. You burn the iguana.
The iguana is moderately wounded.
Your bat completely misses the iguana.
Your quokka barely misses the iguana.
The iguana barely misses you.
Your white imp closely misses the iguana.
Your quokka bites the iguana but does no damage.
You barely miss the iguana.
The iguana is moderately wounded.
Your bat hits the iguana but does no damage.
The iguana closely misses you.
Your quokka bites the iguana.
Your white imp hits the iguana but does no damage.
You completely miss the iguana.
The iguana is severely wounded.
Your bat hits the iguana.
Your quokka bites the iguana.
The iguana bites you!
You die...

#........#
#........#
#########........#
................#
#.??.[.........#
#..............#
#5.b...........#
#.lr.)))#####..#
#.@.....######.##
#...............#
########........##
#.........##
#.........#.
#######...#.
###.#. #.#. #...


You could see an iguana, a friendly white imp (summoned), a friendly quokka
(summoned) and a friendly bat (summoned).

Vanquished Creatures
  A bullfrog skeleton (D:4)
  An adder (D:2)
  A worm (D:3)
  A leopard gecko (D:3)
  2 orcs
  A ball python (D:3)
  A giant cockroach (D:2)
  2 goblins (D:3)
  3 hobgoblins
  2 quokkas (D:3)
  2 bats (D:1)
  2 kobolds
  10 rats (D:3)
29 creatures vanquished.

Vanquished Creatures (collateral kills)
  A bullfrog (D:3)
  A bullfrog zombie (D:3)
  2 orc priests
  An orc wizard (D:4)
  4 adders
  A worm (D:2)
  3 dart slugs (D:1)
  A leopard gecko (D:2)
  5 orcs
  4 giant cockroaches
  A hobgoblin (D:2)
  A quokka (D:3)
  2 bats
  2 frilled lizards
  6 goblins
  A leopard gecko skeleton (D:4)
  10 rats
46 creatures vanquished.

Grand Total: 75 creatures vanquished

Notes
Turn   | Place    | Note
-------+----------+-------------------------------------------
     0 | D:1      | Almogavar the Merfolk Summoner began the quest for the Orb.
     0 | D:1      | Reached XP level 1. HP: 13/13 MP: 3/3
   446 | D:1      | Reached XP level 2. HP: 19/19 MP: 1/5
   970 | D:2      | Found a burning altar of Makhleb.
   972 | D:2      | Found a blossoming altar of Fedhas.
   973 | D:2      | Found a stormy altar of Qazlal.
   973 | D:2      | Found a broken altar of Ashenzari.
  1312 | D:2      | Found a glowing golden altar of the Shining One.
  1409 | D:2      | Learned a level 2 spell: Call Imp
  1428 | D:2      | Reached XP level 3. HP: 24/24 MP: 4/6
  1689 | D:2      | Found an ancient bone altar of Kikubaaqudgha.
  2034 | D:3      | Reached XP level 4. HP: 30/30 MP: 6/8
  2729 | D:3      | Noticed a bullfrog
  2743 | D:3      | Killed a bullfrog
  2744 | D:3      | Reached skill level 5 in Summonings
  2744 | D:3      | Reached XP level 5. HP: 30/36 MP: 4/10
  3320 | D:4      | Slain by an iguana

Illustrated notes

Levels and vault maps discovered:
D:1:      matt_arrival_los_fun, layout_loops_cross
D:2:      layout_basic, overflow_temple_1_default, grunt_temple_overflow_open,
          kiku_gazebo_pond_becter, minivault_11, st_stairs_7
D:3:      layout_basic, chequers_garden, grunt_ministairs_10,
          serial_park_tiny_pond, minmay_rat_hole
D:4:      layout_basic, lightli_temple_of_fire, gammafunk_ghost_stat_death,
          hangedman_feature_mirror

Skill      XL: |  1  2  3  4  5 |
---------------+----------------+-----
Dodging        | 3 |  3.4
Spellcasting   | 3 |  3.6
Summonings     | 5 |  5.2
Stealth        | 3 |  3.4
Fighting       | |  0.5

Action                   |  1- 3 |  4- 6 || total
-------------------------+-------+-------++-------
Melee: Hand axe          |    30 |    47 ||    77
Throw: Stone             |     1 |       ||     1
 Cast: Summon Small Mamm |    53 |    10 ||    63
       Call Imp          |     3 |    14 ||    17
  Use: Scroll            |     5 |     1 ||     6
 Stab: Sleeping          |       |     7 ||     7
       Distracted        |       |     1 ||     1
Armor: Robe              |     9 |     5 ||    14
Dodge: Dodged            |    31 |    35 ||    66
